 Dungeon Crawl Stone Soup version 0.20.1-1-g8b1a95d (webtiles) character file.

253330 Iskender the Ripper (level 19, -11/82 HPs)
             Began as a Felid Chaos Knight on July 8, 2017.
             Hit by a silver javelin thrown by a merfolk javelineer (18 damage)
             ... on level 3 of the Depths on July 11, 2017.
             The game lasted 13:07:45 (64783 turns).

Iskender the Ripper (Felid Chaos Knight)           Turns: 64783, Time: 13:07:45

Health: -11/82     AC: 14    Str:  9 (10) XL:     19   Next: 37%
Magic:  19/32      EV: 32    Int: 21 (22) God:    Xom [..*...]
Gold:   2122       SH:  9    Dex: 16 (19) Spells: 1/42 levels left
                                        Lives:  0   Deaths: 6

rFire    + + +     SeeInvis +     - Unarmed
rCold    + . .     Gourm    .   (shield unavailable)
rNeg     + . .     Faith    .   (armour unavailable)
rPois    .         Spirit   .   (helmet unavailable)
rElec    +         Reflect  +   (cloak unavailable)
rCorr    .         Harm     .   (gloves unavailable)
MR       +++..     Clarity  +   (boots unavailable)
Stlth    +++++++...             A - +3 amulet of reflection
Regen    1.3/turn               w - +6 ring of intelligence
MPRegen  0.3/turn               f - ring "Xunamn" {+Inv rF++ rN+ SInv Stlth+}

@: icy armour, very slightly contaminated, regenerating, quick
A: no armour, no weapons or thrown items, stealth, claws 1, fangs 3, horns 3,
large bone plates 2, slimy green scales 1, see invisible, carnivore 3, clarity,
clumsy 1, deterioration 1, fire resistance 1, speed 1, low mp 1, magic
resistance 1, shaggy fur 3, electricity resistance, slow metabolism 1, strong 1,
wild magic 1, evolution 1, sharp paws
}: 1/15 runes: gossamer
a: Renounce Religion, Evoke Invisibility


You were on level 3 of the Depths.
You worshipped Xom.
You were a toy of Xom.
You were completely stuffed.

You visited 11 branches of the dungeon, and saw 46 of its levels.
You also visited: Labyrinth and Ice Cave.

You collected 4754 gold pieces.
You spent 2632 gold pieces at shops.

Inventory:

Missiles
 j - 167 arrows
Jewellery
 c - the ring of Neefeusi {rCorr rElec rC+ MR+}
   (You found it in a labyrinth)

   [ring of resist corrosion]

   It protects you from cold.
   It insulates you from electricity.
   It affects your resistance to hostile enchantments.
 d - the ring of Maashriz {rPois MR+ Dex+4}
   (Xom gifted it to you in a labyrinth)

   [ring of dexterity]

   It affects your dexterity (+4).
   It protects you from poison.
   It affects your resistance to hostile enchantments.
 e - the ring "Haqisuf" {rElec rPois rN++ MP+9}
   (You found it in a labyrinth)

   [ring of magical power]

   It insulates you from electricity.
   It protects you from poison.
   It greatly protects you from negative energy.
   It affects your magic capacity (+9).
 f - the ring "Xunamn" (right paw) {+Inv rF++ rN+ SInv Stlth+}
   (You took it off a deep elf mage on level 1 of the Elven Halls)

   [ring of see invisible]

   It greatly protects you from fire.
   It protects you from negative energy.
   It lets you see invisible.
   It lets you turn invisible.
   It makes you more stealthy.
 g - an uncursed ring of flight
 i - the ring of Osuejit {Ice Str+4}
   (You found it on level 12 of the Dungeon)

   [ring of ice]

   It enhances your ice magic.
   It affects your strength (+4).
   It makes you vulnerable to fire.
   It protects you from cold.
 s - a +4 ring of slaying
 w - a +6 ring of intelligence (left paw)
 z - the ring "Tygrig" {Dex+2 Slay+3 Stlth-}
   (You found it on level 2 of the Depths)

   [ring of loudness]

   It affects your dexterity (+2).
   It affects your accuracy and damage with ranged weapons and melee attacks
   (+3).
   It makes you less stealthy.
 A - a +3 amulet of reflection (around neck)
 B - an uncursed ring of protection from fire
Wands
 b - a wand of disintegration (11/24)
 m - a wand of acid (6/15)
 q - a wand of clouds (2/9)
 r - a wand of scattershot (3/9)
 t - a wand of confusion (25/48)
 x - a wand of confusion (17/48)
 C - a wand of paralysis (13/24)
 D - a wand of paralysis (6/24)
 E - a wand of polymorph (2/24)
 F - a wand of polymorph (10/24)
 G - a wand of enslavement (15/24)
 O - a wand of disintegration (12/24)
 Y - a wand of digging (7/24)
Scrolls
 k - 2 scrolls of blinking
 v - 2 scrolls of teleportation
 y - 5 scrolls of magic mapping
 H - 6 scrolls of fog
 I - 15 scrolls of remove curse
 N - 11 scrolls of identify
 Q - 3 scrolls of silence
 S - 2 scrolls of summoning
 U - a scroll of holy word
 X - 2 scrolls of recharging
Potions
 h - 6 potions of agility
 o - 4 potions of cancellation
 K - 3 potions of resistance
 L - 3 potions of might
 T - 5 potions of brilliance
 Z - 3 potions of haste
Miscellaneous
 l - a lightning rod (4/4)
 n - a lamp of fire (inert)
 p - 3 boxes of beasts
 M - a phial of floods
 V - a lightning rod (4/4)
Comestibles
 a - 22 meat rations
 u - 2 chunks of flesh


   Skills:
 - Level 9.0 Fighting
 + Level 16.3 Dodging
 - Level 14.0 Stealth
 - Level 20.1 Unarmed Combat
 - Level 12.0 Spellcasting
 - Level 12.0 Conjurations
 - Level 13.0 Hexes
 - Level 4.0 Charms
   Level 2.7 Summonings
 - Level 7.4 Transmutations
 - Level 14.0 Ice Magic
 - Level 7.3 Air Magic
 - Level 15.0 Evocations


You had one spell level left.
You knew the following spells:

 Your Spells              Type           Power        Failure   Level  Hunger
a - Shock                 Conj/Air       ####         1%          1    None
c - Regeneration          Chrm/Necr      ####......   11%         3    None
d - Conjure Flame         Conj/Fire      #####...     2%          3    None
e - Freezing Cloud        Conj/Ice/Air   ######....   13%         6    #####..
i - Confusing Touch       Hex            ######       1%          1    None
m - Sticks to Snakes      Tmut           ######..     1%          2    None
n - Animate Skeleton      Necr           N/A          9%          1    None
o - Ozocubu's Armour      Chrm/Ice       ######..     1%          3    None
s - Swiftness             Chrm/Air       #####...     1%          2    None
A - Apportation           Tloc           ###...       9%          1    None
B - Bolt of Cold          Conj/Ice       ######....   6%          6    #####..
I - Invisibility          Hex            ######..     6%          6    #####..
W - Passwall              Tmut/Erth      #####.....   3%          2    None
X - Ice Form              Ice/Tmut       ######..     1%          4    None


Dungeon Overview and Level Annotations

Branches:
Dungeon (15/15)            Temple (1/1) D:5            Lair (6/6) D:9
 Shoals (4/4) Lair:3       Spider (4/4) Lair:2        Slime (2/5) Lair:5
    Orc (2/2) D:10            Elf (2/3) Orc:2        Vaults (4/5) D:14
  Crypt (3/3) Vaults:3       Tomb (0/3) Crypt:3      Depths (3/5) D:15

Altars:
Ashenzari
Cheibriados
Dithmenos
Elyvilon
Fedhas
Gozag
Hepliaklqana
Kikubaaqudgha
Makhleb
Nemelex Xobeh
Okawaru
Qazlal
Ru
Sif Muna
Trog
Uskayaw
Vehumet
Xom
Yredelemnul
Zin
The Shining One
Beogh
Jiyva

Shops:
D:6 %   D:11 }   D:15 [   Orc:2 ([[([   Elf:1 [   Elf:2 *   Vaults:1 !
Vaults:3 (   Depths:2 }=}

Portals:
Hell: Depths:1 Depths:2 Depths:3
Abyss: Depths:3
Pandemonium: Depths:1
Trove: Vaults:2 (show slimy rune of Zot)

Annotations:
Lair:3 exclusion: 2 oklob plants
Shoals:4 Ilsuiw
Vaults:4 Sojobo
Crypt:2 exclusions: greater mummy and mummy, Khufu
Depths:2 exclusion: lich


Innate Abilities, Weirdness & Mutations

You cannot wear armour.
You are incapable of wielding weapons or throwing items.
Your paws allow you to move quietly. (Stealth)
You have sharp claws.
You have razor-sharp teeth.
You have supernaturally acute eyesight. (SInv)
You are carnivorous and can eat meat at any time.
You cover ground quickly.
Your thick and shaggy fur keeps you warm. (AC +3, rC+)
You have a slow metabolism.
Your sharp claws are effective at attacking unaware monsters.
You have a pair of large horns on your head.
You are mostly covered in large bone plates. (SH +6)
You are partially covered in slimy green scales. (AC +2)
You possess an exceptional clarity of mind.
You are clumsy. (Dex -2)
Your body sometimes deteriorates upon taking damage.
Your flesh is heat resistant. (rF+)
Your magical capacity is low. (-10% MP)
You are resistant to hostile enchantments. (MR+)
You are resistant to electric shocks. (rElec)
Your muscles are strong. (Str +2)
Your spells are a little harder to cast, but a little more powerful.
You evolve.


Message History

Casting: Regeneration
Confirm with . or Enter, or press ? or * to list all spells.
A film of ice covers your body!
The merfolk javelineer throws a silver javelin.
The silver javelin hits your ice dragon skeleton!
Your ice dragon skeleton is destroyed!
Evoke which item? (* to show all) (? for menu, Esc to quit)
Aiming: Confuse
Press: ? - help, Shift-Dir - straight line, f/p - merfolk javelineer
Aim: a merfolk javelineer, wielding a spear of flaming and wearing a leather armour (moderately wounded, chance to defeat MR: 47%)
The merfolk javelineer resists with some effort.
This wand has 17 charges left.
The merfolk javelineer throws a silver javelin.
The silver javelin hits you!!
* * * LOW HITPOINT WARNING * * *
Your body deteriorates!
You feel clumsy. The silver sears you!
You die...
Xom chortles!

*≈≈P≈≈,,≈≈≈≈* ###P≈PmP,,≈,.≈##*
#.......,,,,,...*
#§§§.(.,,,,,,...*
#§§..#*******,%.*
********########§m.,* **#.*
,,,,,,,,.......[(#*** #.##
*******,,,,,,*#..## #...
********##@.## #######.#
***,,*,,***##..## ##...≈≈≈.#
**,,,,,,,,,**##..####≈≈≈≈≈≈≈≈.
**,,,*,,,*,,,**##......≈≈≈≈≈≈≈.
**,,,**+*+**,,,**##.##≈≈≈≈≈≈≈≈≈≈
**,,,**,,,,,**,,,*##.##≈≈≈≈≈.≈≈≈≈
*,,***,,,,,,,***,,#..##.≈≈≈≈<.≈≈≈
*,**,,,,,,*,..,**,#..##.≈≈≈≈.≈≈≈≈
***,,,,,,,,,<...###....[≈≈≈≈≈≈≈≈≈


You could see a merfolk javelineer.

Vanquished Creatures
  Jorgrun (Depths:1)
  A hellephant (Vaults:3)
  6 acid blobs
  5 sphinxes
  Gastronok (Lair:2)
  A shadow dragon (Vaults:3)
  A revenant (Crypt:2)
  2 azure jellies
  2 frost giants
  4 fire giants
  2 deep elf sorcerers
  7 vault wardens
  3 ghost moths (Spider:4)
  An orc warlord (Orc:2)
  Louise (Spider:1)
  3 ghouls
  8 emperor scorpions
  A deep elf elementalist (Elf:2)
  13 stone giants
  12 very ugly things
  5 vampire knights
  8 ironheart preservers
  Azrael (Elf:1)
  2 deep elf demonologists
  A deep elf annihilator (Vaults:3)
  A dire elephant (Shoals:4)
  2 entropy weavers (Lair:6)
  2 spark wasps
  The ghost of Kosschaser the Severer, a journeyman HOBe of Trog (Lair:1)
  2 eidola
  2 blizzard demons (IceCv)
  4 jiangshi
  5 ettins
  A minotaur (Lab)
  4 merfolk javelineers
  A green death (Depths:1)
  2 merfolk impalers
  Josephine (Lair:5)
  A quicksilver dragon zombie (Crypt:1)
  The ghost of BreadTh the Grappler, a journeyman TrWr of Okawaru (Lair:1)
  2 deep elf death magi
  9 fire dragons
  8 yaktaur captains
  7 great orbs of eyes
  Fannar (Lair:3)
  5 ice dragons
  7 rakshasas
  A spriggan air mage (Depths:2)
  4 vault guards
  2 alligator snapping turtles (Shoals:2)
  4 death knights
  12 hydras
  2 catoblepae
  2 merfolk aquamancers
  12 centaur warriors
  34 two-headed ogres
  An alligator (Shoals:3)
  3 queen ants
  A merfolk avatar (Shoals:3)
  7 ogre magi
  5 deep troll shamans
  A satyr (Shoals:4)
  3 deep troll earth magi
  2 dancing weapons
  3 tengu warriors
  An orc high priest (Elf:1)
  A death yak (Lair:4)
  2 vampire magi
  12 hell knights
  A spriggan berserker (Depths:1)
  7 deep elf knights
  2 soul eaters
  A titan skeleton (Crypt:1)
  2 iron trolls
  A fire crab (D:14)
  3 shadow wraiths
  8 deep elf archers
  3 glowing orange brains
  10 flayed ghosts
  13 deep trolls
  4 unseen horrors
  An anaconda zombie (Crypt:1)
  8 sea snakes
  An unseen horror (shapeshifter) (Depths:3)
  A shadow dragon zombie (Crypt:2)
  4 ironbrand convokers
  An anaconda skeleton (Crypt:1)
  20 harpies
  8 necromancers
  An orb spider (shapeshifter) (Vaults:1)
  5 wizards
  2 phantasmal warriors (Crypt:1)
  50 deep elf magi
  20 orb spiders
  A wolf spider (shapeshifter) (D:15)
  35 wolf spiders
  8 orc knights
  2 stone giant zombies
  2 shining eyes (Slime:1)
  4 orc sorcerers
  22 ugly things
  12 fauns
  A fire giant zombie (Crypt:1)
  A frost giant zombie (Crypt:1)
  10 cyclopes
  A salamander (Depths:1)
  A salamander (shapeshifter) (Vaults:1)
  An ice statue (IceCv)
  5 merfolk sirens
  10 manticores
  A fire giant skeleton (Crypt:2)
  7 black mambas
  A stone giant skeleton (Crypt:2)
  5 elephants
  3 water nymphs
  A guardian serpent (Spider:4)
  A guardian serpent (shapeshifter) (D:15)
  An apocalypse crab (D:13)
  8 vault sentinels
  2 eyes of devastation (Slime:1)
  An iron dragon skeleton (Crypt:1)
  6 torpor snails
  A black draconian zombie (Crypt:2)
  3 molten gargoyles
  11 spiny frogs
  A storm dragon simulacrum (Crypt:1)
  3 gargoyles
  12 komodo dragons
  2 efreet
  2 rime drakes (Lair:6)
  2 yaktaur zombies
  41 yaktaurs
  3 anaconda simulacra (IceCv)
  13 demonic crawlers
  An emperor scorpion zombie (Crypt:2)
  16 freezing wraiths
  6 ice devils
  2 golden dragon simulacra (IceCv)
  3 tengu conjurers
  A jumping spider (shapeshifter) (Elf:1)
  41 jumping spiders
  4 trolls
  A yellow draconian skeleton (Crypt:1)
  7 hornets
  An iron troll skeleton (Crypt:2)
  A queen bee (Lair:2)
  2 wind drakes (shapeshifter)
  4 wind drakes
  28 merfolk
  3 meliai (D:15)
  A polar bear (shapeshifter) (D:15)
  3 polar bears
  A wolf spider simulacrum (D:15)
  9 hippogriffs
  2 bog bodies
  2 dream sheep (shapeshifter)
  An ettin zombie (Crypt:1)
  5 snapping turtles
  4 dream sheep
  A fire giant simulacrum (Vaults:1)
  A stone giant simulacrum (Depths:2)
  16 blink frogs
  47 slime creatures
  31 tarantellas
  11 flying skulls (Crypt:1)
  2 spriggans (shapeshifter)
  2 shadows
  2 spriggans
  14 wraiths
  90 redbacks
  27 water elementals
  An ettin skeleton (Depths:2)
  2 tarantellas (shapeshifter)
  5 fire elementals
  51 yaks
  A fire bat (shapeshifter) (D:13)
  A vampire (D:14)
  A ynoxinul (Depths:1)
  3 wyverns
  7 basilisks
  A hog (Lair:6)
  A human (shapeshifter) (Depths:2)
  A human simulacrum (Vaults:1)
  A death yak simulacrum (IceCv)
  6 hungry ghosts
  A wind drake skeleton (Crypt:1)
  A yaktaur simulacrum (Vaults:1)
  3 vampire mosquitoes
  Menkaure (D:6)
  2 harpy simulacra (IceCv)
  5 wargs
  18 soldier ants
  2 soldier ants (shapeshifter)
  Edmund (D:6)
  5 iron troll simulacra (IceCv)
  An infernal demonspawn skeleton (Crypt:2)
  An acid dragon (D:14)
  6 hydra simulacra (IceCv)
  6 porcupines
  2 hell hounds (Elf:1)
  16 water moccasins
  A floating eye (shapeshifter) (Vaults:2)
  38 orc warriors
  4 sky beasts
  A snapping turtle zombie (Crypt:2)
  3 black bears
  A swamp dragon zombie (Crypt:1)
  2 ice beasts
  An ettin simulacrum (IceCv)
  18 boggarts
  6 eyes of draining
  2 phantoms
  6 necrophages
  25 ogres
  5 centaurs
  A snapping turtle skeleton (Crypt:1)
  5 wolves (Lair:6)
  13 crocodiles
  A big kobold (D:12)
  Blork the orc (D:6)
  A hog skeleton (Crypt:1)
  20 bullfrogs
  A cyclops zombie (Crypt:2)
  5 earth elementals
  A polar bear zombie (Crypt:2)
  9 scorpions
  30 killer bees
  An elf simulacrum (Vaults:2)
  A manticore simulacrum (Crypt:1)
  An orc simulacrum (Vaults:2)
  A spriggan skeleton (Crypt:2)
  6 wights
  4 howler monkeys
  2 electric eels
  10 crimson imps
  2 draconian simulacra (IceCv)
  3 centaur zombies
  A wolf skeleton (Crypt:1)
  A bullfrog zombie (D:12)
  2 quasits
  5 human zombies (Crypt:2)
  7 hounds
  3 jellies
  20 orc priests
  3 bullfrog skeletons
  7 centaur skeletons
  3 iguanas
  30 orc wizards
  2 spriggan simulacra (IceCv)
  A human skeleton (Crypt:2)
  2 hell rats (D:7)
  27 worker ants
  2 troll simulacra (IceCv)
  2 polar bear simulacra (IceCv)
  A killer bee zombie (D:9)
  2 centaur simulacra (IceCv)
  A felid skeleton (Crypt:2)
  A hound skeleton (D:4)
  A howler monkey zombie (D:9)
  3 mummies (Crypt:2)
  A worker ant zombie (D:9)
  4 gnolls (D:9)
  5 ogre simulacra
  15 adders
  5 river rats (D:7)
  3 shadow imps
  9 white imps (IceCv)
  5 ufetubi (IceCv)
  2 oozes
  An adder zombie (D:7)
  2 adder skeletons (D:5)
  2 worms
  5 leopard geckos
  118 orcs
  4 bats
  4 giant cockroaches
  4 goblins
  5 hobgoblins
  4 jackals
  12 kobolds
  15 quokkas
  2 ball pythons
  5 frilled lizards
  2 goblin skeletons (D:6)
  2 goblin zombies (D:6)
  A hobgoblin zombie (D:6)
  A jackal skeleton (D:7)
  3 kobold zombies (D:6)
  A leopard gecko skeleton (D:6)
  3 orc skeletons (D:6)
  An orc zombie (D:6)
  A quokka skeleton (D:7)
  18 rats
  A river rat zombie (Crypt:1)
  4 fungi
  4 plants
1879 creatures vanquished.

Vanquished Creatures (collateral kills)
  An acid blob (Slime:1)
  Agnes (Spider:2)
  A fire giant (Depths:3)
  A merfolk javelineer (Shoals:4)
  An ettin (Depths:3)
  2 merfolk impalers (Shoals:4)
  A yaktaur captain (Vaults:3)
  A jiangshi (Crypt:2)
  2 great orbs of eyes
  A rakshasa (Depths:1)
  A vault guard (D:14)
  An ice dragon (D:15)
  An ogre mage (Depths:2)
  A two-headed ogre (Depths:1)
  A merfolk aquamancer (Shoals:1)
  A merfolk avatar (Lair:6)
  A vampire mage (Crypt:2)
  A tengu warrior (D:14)
  A skeletal warrior (Vaults:3)
  4 deep trolls
  An ironbrand convoker (Vaults:1)
  A glowing orange brain (D:14)
  6 harpies
  2 ugly things (Depths:1)
  An orb spider (Spider:2)
  2 fauns (Shoals:2)
  2 cyclopes
  3 manticores
  A salamander (Depths:1)
  2 merfolk sirens
  2 water nymphs
  3 spiny frogs
  2 komodo dragons (Lair:6)
  3 yaktaurs
  A hellwing (Depths:1)
  2 polar bears (Lair:6)
  A jumping spider (Spider:4)
  4 merfolk
  A dream sheep (Shoals:2)
  2 slime creatures
  2 blink frogs (Lair:6)
  A hippogriff (Lair:1)
  A snapping turtle (Shoals:2)
  2 air elementals (Depths:2)
  2 water elementals
  5 wraiths (Lair:5)
  9 yaks
  Eustachio (D:4)
  A tarantella (Spider:3)
  A basilisk (D:12)
  An acid dragon (D:15)
  3 water moccasins (Lair:6)
  A boggart (Depths:1)
  A bullfrog (Lair:5)
  A crimson imp (D:10)
  2 worker ants (Lair:6)
  A worker ant zombie (D:6)
  An adder (D:7)
  2 orcs
  A fungus (Lair:6)
  2 plants
108 creatures vanquished.

Vanquished Creatures (others)
  A merfolk impaler (Shoals:4)
  A vault guard (D:14)
  A dancing weapon (Depths:1)
  A catoblepas (Lair:5)
  4 two-headed ogres
  An ogre mage (Depths:1)
  2 harpies
  3 deep elf magi
  A wolf spider (Spider:4)
  4 yaktaurs
  A merfolk (Shoals:3)
  2 blink frogs (Lair:6)
  A slime creature (Depths:2)
  A tarantella (Spider:1)
  A water elemental (Shoals:1)
  A worker ant (D:14)
  68 bushes (Lair:6)
  14 fungi
  45 plants
153 creatures vanquished.

Grand Total: 2140 creatures vanquished

Notes
Turn   | Place    | Note
-------+----------+-------------------------------------------
     0 | D:1      | Iskender the Felid Chaos Knight began the quest for the Orb.
     0 | D:1      | Reached XP level 1. HP: 10/10 MP: 2/2
   122 | D:1      | Reached skill level 1 in Stealth
   244 | D:1      | XOM: silly message
   253 | D:1      | XOM: harmless Summ miscast
   271 | D:1      | XOM: harmless Chrm miscast
   320 | D:1      | Reached XP level 2. HP: 4/14 MP: 3/3
   816 | D:2      | XOM: cast spell 'Summon Butterflies'
  1244 | D:2      | Reached XP level 3. HP: 16/17 MP: 4/4
  1435 | D:2      | XOM: silly message
  1561 | D:2      | XOM: harmless Summ miscast
  1795 | D:3      | Reached skill level 5 in Stealth
  1847 | D:2      | XOM: harmless Tmut miscast
  1954 | D:3      | Reached XP level 4. HP: 19/21 MP: 5/5
  2042 | D:3      | XOM: potion effect (agility)
  2420 | D:4      | Reached skill level 4 in Unarmed Combat
  2420 | D:4      | Reached XP level 5. HP: 24/24 MP: 6/6
  2512 | D:4      | XOM: potion effect (brilliance)
  2659 | D:4      | XOM: potion effect (brilliance)
  2681 | D:4      | XOM is BORED!
  2681 | D:4      | XOM: silly message
  3018 | D:4      | Noticed Eustachio
  3028 | D:4      | Noticed an ogre
  3047 | D:4      | XOM: smoke on damage
  3050 | D:4      | Killed an ogre
  3050 | D:4      | Reached skill level 5 in Unarmed Combat
  3050 | D:4      | Gained mutation: You are covered in thick fur. (AC +2) [Felid growth]
  3050 | D:4      | Reached XP level 6. HP: 2/28 MP: 7/7
  3169 | D:4      | XOM: silly message
  3415 | D:4      | XOM: divination: detect items
  3428 | D:4      | Killed Eustachio
  3428 | D:4      | Reached skill level 5 in Dodging
  3525 | D:4      | XOM: mild Pois miscast
  3547 | D:3      | XOM: cloud trail
  3642 | D:4      | XOM: harmless Fire miscast
  3854 | D:4      | XOM: scenery: 2 doors close
  3908 | D:5      | Entered Level 5 of the Dungeon
  3920 | D:5      | XOM: harmless Tloc miscast
  3958 | D:5      | Reached skill level 6 in Unarmed Combat
  3958 | D:5      | Reached XP level 7. HP: 27/31 MP: 8/8
  4257 | D:5      | XOM is BORED!
  4257 | D:5      | XOM: noise
  4337 | D:5      | Found a staircase to the Ecumenical Temple.
  4359 | Temple   | Entered the Ecumenical Temple
  4659 | D:5      | Found a basalt altar of Yredelemnul.
  4700 | D:5      | XOM: harmless Fire miscast
  4750 | D:6      | Noticed Edmund
  4787 | D:5      | You fall through a shaft for 2 floors!
  4809 | D:7      | XOM: summons friendly ufetubus
  4820 | D:7      | XOM: cast spell 'Leda's Liquefaction'
  4849 | D:6      | XOM: cast spell 'Olgreb's Toxic Radiance'
  4877 | D:6      | Noticed Menkaure
  4883 | D:6      | Learned a level 1 spell: Shock
  4932 | D:6      | Noticed Blork the orc
  4987 | D:6      | XOM: blink monster(s)
  5043 | D:6      | Reached skill level 1 in Conjurations
  5043 | D:6      | Reached skill level 1 in Air Magic
  5340 | D:6      | Reached skill level 1 in Evocations
  5596 | D:6      | Reached XP level 8. HP: 33/34 MP: 11/11
  5724 | D:6      | XOM: mild Necr miscast
  5740 | D:6      | Found Oliprapn's Food Boutique.
  5842 | D:6      | XOM: enchant monster (good)
  5890 | D:6      | XOM: smoke on damage
  5910 | D:6      | Reached skill level 1 in Spellcasting
  6172 | D:7      | XOM: mild Chrm miscast
  6211 | D:7      | XOM: polymorph hell rat -> hell hound
  6219 | D:7      | Noticed an efreet
  6219 | D:7      | a hell hound changed into an efreet
  6219 | D:7      | XOM: polymorph hell hound -> efreet
  6225 | D:7      | XOM: noise
  6275 | D:7      | Learned a level 2 spell: Swiftness
  6283 | D:7      | Noticed a two-headed ogre
  6416 | D:7      | XOM: cast spell 'Summon Ice Beast'
  6419 | D:7      | XOM: potion effect (magic)
  6421 | D:7      | XOM: enchant monster (bad)
  6422 | D:7      | XOM: butterfly on damage
  6427 | D:7      | Killed a two-headed ogre
  6433 | D:7      | Learned a level 4 spell: Airstrike
  6751 | D:7      | Reached XP level 9. HP: 22/37 MP: 13/13
  6892 | D:7      | XOM: mild Conj miscast
  6895 | D:7      | XOM: give mutations
  6895 | D:7      | Gained mutation: You are partially covered in icy blue scales. (AC +2) [Xom's grace]
  6895 | D:7      | Gained mutation: Your thick and shaggy fur keeps you warm. (AC +3, rC+) [Xom's grace]
  6895 | D:7      | Gained mutation: You are somewhat resistant to further mutation. [Xom's grace]
  6895 | D:7      | Gained mutation: You are partially covered in large bone plates. (SH +4) [Xom's grace]
  7259 | D:6      | Reached skill level 5 in Air Magic
  7411 | D:6      | XOM: fog
  7475 | D:6      | XOM: enchant monster (good)
  7482 | D:6      | Reached skill level 5 in Conjurations
  7502 | D:6      | XOM: cloud trail
  7583 | D:6      | Killed Menkaure
  7584 | D:6      | Killed Edmund
  7584 | D:6      | Reached skill level 7 in Unarmed Combat
  7625 | D:6      | XOM: give mutations
  7625 | D:6      | Gained mutation: You are weak. (Str -2) [Xom's mischief]
  7625 | D:6      | Gained mutation: You have a pair of small horns on your head. [Xom's mischief]
  7625 | D:6      | Gained mutation: You expend magic power (3 MP) to strengthen your wands. [Xom's mischief]
  7625 | D:6      | Gained mutation: You are very weak. (Str -4) [Xom's mischief]
  7783 | D:6      | Found a glowing golden altar of the Shining One.
  7923 | D:6      | Killed Blork the orc
  8021 | D:6      | XOM: cast spell 'Alistair's Intoxication'
  8141 | D:6      | XOM: confusion
  8203 | D:6      | XOM: butterfly on damage
  8314 | D:6      | Found a stormy altar of Qazlal.
  8451 | D:7      | XOM: medium Necr miscast
  8518 | D:7      | Found a deep blue altar of Sif Muna.
  8518 | D:7      | Found an iron altar of Okawaru.
  8525 | D:7      | Found a glowing golden altar of the Shining One.
  8527 | D:7      | Found a white marble altar of Elyvilon.
  8528 | D:7      | Found an ancient bone altar of Kikubaaqudgha.
  8546 | D:7      | XOM: give mutations
  8546 | D:7      | Gained mutation: You are partially covered in slimy green scales. (AC +2) [Xom's grace]
  8546 | D:7      | Lost mutation: You are very weak. (Str -4) [Xom's grace]
  8789 | D:7      | XOM: god gift: 24 stones
  9164 | D:8      | Reached skill level 8 in Unarmed Combat
  9178 | D:8      | XOM: silly message
  9362 | D:8      | XOM: cast spell 'Leda's Liquefaction'
  9486 | D:8      | XOM: potion effect (brilliance)
  9697 | D:8      | Reached XP level 10. HP: 36/42 MP: 10/15
  9717 | D:8      | XOM: cast spell 'Olgreb's Toxic Radiance'
  9718 | D:8      | XOM: mild Hex miscast
  9890 | D:8      | XOM: potion effect (invisibility)
  9924 | D:8      | XOM: harmless Tmut miscast
 10133 | D:9      | XOM: enchant monster (good)
 10199 | D:9      | Reached skill level 10 in Stealth
 10270 | D:9      | Found a staircase to the Lair.
 10428 | D:9      | XOM is BORED!
 10428 | D:9      | XOM: harmless Chrm miscast
 10473 | D:9      | Learned a level 1 spell: Animate Skeleton
 10475 | D:9      | Learned a level 1 spell: Confusing Touch
 10477 | D:9      | Learned a level 1 spell: Summon Small Mammal
 10479 | D:9      | Learned a level 1 spell: Apportation
 10489 | D:9      | XOM: harmless Ice miscast
 10531 | D:9      | Reached skill level 1 in Hexes
 10631 | D:9      | XOM: harmless Pois miscast
 10662 | D:9      | Noticed a two-headed ogre
 10683 | D:9      | XOM: potion effect (magic)
 10694 | D:9      | Killed a two-headed ogre
 10797 | D:9      | XOM: fake destruction
 10798 | D:9      | Identified Foxket's Incunabulum of Combat Magic (Xom gifted it to you on level 9 of the Dungeon)
 10798 | D:9      | XOM: god gift: Foxket's Incunabulum of Combat Magic
 10799 | D:9      | XOM: fog
 10814 | D:9      | XOM: polymorph troll -> spriggan
 10828 | D:9      | Learned a level 1 spell: Magic Dart
 10846 | D:9      | XOM: scenery: 4 doors close
 10966 | D:10     | Entered Level 10 of the Dungeon
 11105 | D:10     | XOM: cast spell 'Summon Mana Viper'
 11126 | D:10     | Found a staircase to the Orcish Mines.
 11238 | D:10     | XOM: divination: detect items
 11441 | D:11     | Identified Xom's Compendium of Iskender's Doom (Xom gifted it to you on level 11 of the Dungeon)
 11441 | D:11     | XOM: god gift: Xom's Compendium of Iskender's Doom
 11444 | D:11     | XOM: scenery: create altars
 11483 | D:11     | XOM: give mutations
 11483 | D:11     | Gained mutation: Your mind is acute. (Int +2) [Xom's grace]
 11483 | D:11     | Gained mutation: Your flesh is heat resistant. (rF+) [Xom's grace]
 11508 | D:11     | Noticed a cyclops
 11640 | D:11     | XOM: god gift: wand of confusion (?/48) {god gift}
 11641 | D:11     | XOM: divination: magic mapping
 11645 | D:11     | Reached skill level 5 in Hexes
 11665 | D:11     | Noticed an unseen horror
 11667 | D:11     | Noticed a gargoyle
 11673 | D:11     | XOM: mild Summ miscast
 11681 | D:11     | Killed an unseen horror
 11697 | D:11     | XOM: harmless Tmut miscast
 11757 | D:11     | Noticed a two-headed ogre
 11770 | D:11     | XOM: polymorph two-headed ogre -> two-headed ogre
 11773 | D:11     | XOM: chaos cloud
 11873 | Lair:1   | Entered Level 1 of the Lair of Beasts
 11875 | Lair:1   | Reached XP level 11. HP: 45/45 MP: 16/16
 11996 | Lair:1   | Noticed BreadTh's ghost (journeyman TrWr)
 11998 | Lair:1   | XOM: destruction
 12009 | Lair:1   | XOM: confuse monster(s)
 12011 | Lair:1   | XOM: god gift: glowing gold wand {god gift}
 12658 | Lair:2   | Learned a level 6 spell: Invisibility
 12807 | Lair:1   | Noticed Kosschaser's ghost (journeyman HOBe)
 12857 | Lair:2   | Found a hole to the Spider Nest.
 12893 | Lair:2   | Reached skill level 10 in Hexes
 12963 | Lair:2   | Noticed a five-headed hydra
 12977 | Lair:2   | XOM: cast spell 'Statue Form'
 12995 | Lair:2   | XOM: potion effect (might)
 12999 | Lair:2   | Killed a five-headed hydra
 13018 | Lair:2   | XOM: cast spell 'Leda's Liquefaction'
 13038 | Lair:2   | XOM: potion effect (heal wounds)
 13101 | Lair:2   | Noticed Gastronok
 13207 | Lair:3   | Reached skill level 5 in Evocations
 13272 | Lair:3   | Noticed a six-headed hydra
 13374 | Lair:3   | Killed a six-headed hydra
 13420 | Lair:3   | Noticed an oklob plant
 13463 | Lair:3   | Noticed an oklob plant
 13476 | Lair:3   | XOM: enchant monster (good)
 13493 | Lair:3   | HP: 2/45 [acid (14)]
 13493 | Lair:3   | XOM: butterfly on damage
 13973 | Lair:3   | XOM: mild Tmut miscast
 13973 | Lair:3   | Mangled by a spiny frog
 13974 | Lair:3   | Reached XP level 10. HP: -8/42 MP: 16/26
 14006 | Lair:3   | Found a staircase to the Shoals.
 14040 | Lair:3   | XOM: noise
 14041 | Lair:3   | Killed a spiny frog
 14041 | Lair:3   | Reached skill level 9 in Unarmed Combat
 14133 | Lair:3   | Noticed a spiny frog
 14150 | Lair:3   | Killed a spiny frog
 14150 | Lair:3   | Reached XP level 11. HP: 45/45 MP: 18/18
 14186 | Lair:3   | Noticed Fannar
 14195 | Lair:3   | XOM: divination: detect items
 14198 | Lair:3   | XOM: mild Summ miscast
 14204 | Lair:3   | Killed Fannar
 14584 | Lair:3   | Reached skill level 10 in Unarmed Combat
 14864 | Lair:4   | Noticed a catoblepas
 14871 | Lair:4   | Killed a catoblepas
 15033 | Lair:4   | Reached skill level 10 in Dodging
 15047 | Lair:4   | XOM: mild Air miscast
 15056 | Lair:4   | Noticed a five-headed hydra
 15071 | Lair:4   | XOM: 7-stop teleportation journey
 15106 | Lair:4   | XOM: swap monsters
 15113 | Lair:4   | XOM: enchant monster (good)
 15120 | Lair:4   | Killed a five-headed hydra
 15163 | Lair:4   | Noticed a six-headed hydra
 15190 | Lair:4   | Noticed a five-headed hydra
 15191 | Lair:4   | Killed a six-headed hydra
 15199 | Lair:4   | Killed a five-headed hydra
 15253 | Lair:4   | Noticed a death yak
 15265 | Lair:4   | Killed a death yak
 15281 | Lair:4   | XOM: enchant monster (bad)
 15294 | Lair:4   | XOM: swap monsters
 15717 | Lair:5   | Found a viscous altar of Jiyva.
 15719 | Lair:5   | Found a staircase to the Slime Pits.
 15738 | Lair:5   | Noticed a catoblepas
 15751 | Lair:5   | XOM: silly message
 15760 | Lair:5   | XOM: harmless Tmut miscast
 15763 | Lair:5   | XOM: enchant monster (good)
 15764 | Lair:5   | Mutation became permanent: You are covered in thick fur. (AC +2) [Felid growth]
 15764 | Lair:5   | Gained mutation: Your thick and shaggy fur keeps you warm. (AC +3, rC+) [Felid growth]
 15764 | Lair:5   | Reached XP level 12. HP: 29/49 MP: 19/19
 15871 | Lair:5   | XOM: cast spell 'Call Canine Familiar'
 15879 | Lair:5   | XOM: silly message
 15882 | Lair:5   | Reached skill level 5 in Fighting
 15883 | Lair:5   | XOM: cast spell 'Summon Small Mammal'
 16013 | Lair:5   | XOM: confuse monster(s)
 16043 | Lair:5   | XOM: potion effect (heal wounds)
 16049 | Lair:5   | XOM: blink monster(s)
 16052 | Lair:5   | XOM: smoke on damage
 16052 | Lair:5   | XOM: torment (27/51 hp)
 16074 | Lair:5   | XOM: summons 6 hostile demons
 16214 | Lair:5   | XOM: repel stairs
 16635 | Lair:5   | XOM: noise
 16680 | Lair:5   | Noticed Josephine
 16682 | Lair:5   | XOM: summons 12 friendly demons
 16739 | Lair:5   | XOM: chaos upgrade
 16740 | Lair:5   | XOM: give mutations
 16740 | Lair:5   | Lost mutation: You are partially covered in slimy green scales. (AC +2) [Xom's mischief]
 16740 | Lair:5   | Gained mutation: You are very weak. (Str -4) [Xom's mischief]
 16740 | Lair:5   | Gained mutation: You tend to lose your temper in combat. [Xom's mischief]
 16740 | Lair:5   | Lost mutation: You are very weak. (Str -4) [Xom's mischief]
 16752 | Lair:5   | Killed Josephine
 16968 | Lair:6   | Entered Level 6 of the Lair of Beasts
 17032 | Lair:6   | XOM: polymorph basilisk -> queen bee
 17034 | Lair:6   | XOM: polymorph queen bee -> yaktaur
 17049 | Lair:6   | XOM: 1-stop teleportation journey
 17050 | Lair:6   | Noticed a four-headed hydra
 17069 | Lair:6   | Killed a four-headed hydra
 17210 | Lair:6   | XOM: give mutations
 17210 | Lair:6   | Lost mutation: Your mind is acute. (Int +2) [Xom's mischief]
 17210 | Lair:6   | Lost mutation: You are weak. (Str -2) [Xom's mischief]
 17210 | Lair:6   | Lost mutation: You tend to lose your temper in combat. [Xom's mischief]
 17249 | Lair:6   | XOM: 1-stop teleportation journey
 17269 | Lair:6   | XOM: stat loss: -1 Str (7/8)
 17270 | Lair:6   | XOM: confusion
 17280 | Lair:6   | XOM: polymorph spiny frog -> yaktaur
 17299 | Lair:6   | XOM: scenery: create altars
 17300 | Lair:6   | XOM: 1-stop teleportation journey
 17301 | Lair:6   | Noticed a dire elephant
 17310 | Lair:6   | XOM: polymorph komodo dragon -> manticore
 17515 | Lair:6   | XOM: mild Summ miscast
 17526 | Lair:6   | XOM: harmless Fire miscast
 17531 | Lair:6   | XOM: harmless Fire miscast
 17624 | Lair:6   | XOM: butterfly on damage
 17644 | Lair:6   | XOM: harmless Fire miscast
 17650 | Lair:6   | XOM: divination: detect creatures
 17679 | Lair:6   | XOM: butterfly on damage
 17681 | Lair:6   | XOM: divine lightning
 17838 | Lair:6   | XOM: confusion (+ monsters)
 17893 | Lair:6   | Noticed an eight-headed hydra
 17917 | Lair:6   | XOM: confusion
 17937 | Lair:6   | Killed an eight-headed hydra
 17937 | Lair:6   | Reached skill level 1 in Summonings
 17937 | Lair:6   | Reached XP level 13. HP: 21/54 MP: 20/20
 18101 | Lair:6   | Learned a level 5 spell: Summon Mana Viper
 18270 | Lair:6   | XOM: give mutation
 18270 | Lair:6   | Gained mutation: You are clumsy. (Dex -2) [Xom's mischief]
 18282 | Lair:6   | XOM: confusion (+ monsters)
 18289 | Lair:6   | XOM: divination: detect creatures
 18292 | Lair:6   | Noticed a sphinx
 18292 | Lair:6   | a dire elephant changed into a sphinx
 18292 | Lair:6   | XOM: polymorph dire elephant -> sphinx
 18293 | Lair:6   | XOM: harmless Hex miscast
 18305 | Lair:6   | XOM: harmless Tloc miscast
 18313 | Lair:6   | Killed a sphinx
 18313 | Lair:6   | Reached skill level 11 in Unarmed Combat
 18323 | Lair:6   | XOM: polymorph wyvern -> hog
 18416 | Lair:6   | XOM: summons 6 hostile demons
 18467 | Lair:6   | XOM: harmless Ice miscast
 18485 | Lair:6   | Noticed an entropy weaver
 18488 | Lair:6   | Noticed an entropy weaver
 18490 | Lair:6   | XOM: harmless Air miscast
 18873 | Lair:5   | XOM: mild Summ miscast
 19223 | Lair:5   | XOM: harmless Necr miscast
 19280 | Lair:5   | Reached skill level 12 in Unarmed Combat
 19352 | Lair:6   | XOM: enchant monster (bad)
 19375 | Lair:5   | Identified Pin Opla's Incunabulum of Feathery Confrontation (Xom gifted it to you on level 5 of the Lair of Beasts)
 19375 | Lair:5   | XOM: god gift: Pin Opla's Incunabulum of Feathery Confrontation
 19612 | Lair:6   | XOM: give mutations
 19612 | Lair:6   | Lost mutation: You have a pair of small horns on your head. [Xom's mischief]
 19612 | Lair:6   | Gained mutation: You have a pair of small horns on your head. [Xom's mischief]
 19612 | Lair:6   | Lost mutation: You expend magic power (3 MP) to strengthen your wands. [Xom's mischief]
 19612 | Lair:6   | Gained mutation: Your muscles are strong. (Str +2) [Xom's mischief]
 19678 | Lair:6   | XOM: give mutation
 19716 | Lair:6   | XOM: 3-stop teleportation journey
 19740 | Lair:6   | Killed an entropy weaver
 19970 | Lair:6   | XOM: summons 1 hostile demon
 20015 | Lair:6   | XOM: god gift: 37 gold pieces
 20158 | Lair:6   | XOM: summons 3 hostile shadow creatures
 20388 | Lair:6   | XOM: swap monsters
 20443 | Lair:6   | HP: 2/54 [poisoned by a soldier ant]
 20445 | Lair:6   | Succumbed to a soldier ant's poison
 20446 | Lair:6   | Reached XP level 12. HP: 0/51 MP: 28/28
 20556 | Lair:6   | XOM: enchant monster (bad)
 20588 | Lair:6   | Reached skill level 13 in Unarmed Combat
 20682 | Lair:6   | XOM: enchant monster (good)
 20710 | Lair:6   | XOM: swap monsters
 20724 | Lair:6   | Noticed an eight-headed hydra
 20734 | Lair:6   | XOM: scenery: create altars
 20735 | Lair:6   | XOM: harmless Conj miscast
 20737 | Lair:6   | Killed an entropy weaver
 20791 | Lair:6   | XOM: harmless Tloc miscast
 20921 | Lair:6   | XOM: medium Air miscast
 20926 | Lair:6   | Noticed a catoblepas
 20926 | Lair:6   | an eight-headed hydra changed into a catoblepas
 20940 | Lair:6   | XOM: noise
 20965 | Lair:6   | XOM: summons 6 hostile demons
 21233 | Lair:6   | Reached skill level 5 in Spellcasting
 21257 | Lair:6   | XOM: potion effect (invisibility)
 21264 | Lair:6   | Killed a catoblepas
 21310 | Lair:6   | Reached XP level 13. HP: 52/54 MP: 21/21
 21313 | Lair:6   | XOM: medium Pois miscast
 21642 | Lair:2   | XOM: mild Pois miscast
 21904 | Lair:1   | XOM: cast spell 'Summon Small Mammal'
 22146 | Lair:1   | XOM: enchant monster (good)
 22172 | Lair:1   | XOM: noise
 22341 | Lair:1   | XOM: divination: detect items
 22439 | Lair:1   | Identified a scroll of acquirement
 22460 | Lair:1   | XOM: harmless Summ miscast
 22519 | Lair:1   | Killed Kosschaser's ghost
 22553 | Lair:1   | XOM: noise
 22556 | Lair:1   | XOM: enchant monster (good)
 22568 | Lair:1   | Killed BreadTh's ghost
 22718 | Orc:1    | Entered Level 1 of the Orcish Mines
 22800 | Orc:1    | Learned a level 5 spell: Lightning Bolt
 22870 | Orc:1    | XOM: god gift: 17 stones
 23000 | Orc:1    | XOM: give mutations
 23000 | Orc:1    | Lost mutation: You are clumsy. (Dex -2) [Xom's grace]
 23000 | Orc:1    | Gained mutation: Your muscles are very strong. (Str +4) [Xom's grace]
 23000 | Orc:1    | Gained mutation: Your spells are a little harder to cast, but a little more powerful. [Xom's grace]
 23000 | Orc:1    | Gained mutation: You have an increased reservoir of magic. (+10% MP) [Xom's grace]
 23219 | Orc:2    | Entered Level 2 of the Orcish Mines
 23313 | Orc:2    | XOM: god gift: lamp of fire
 23434 | Orc:2    | XOM: cloud trail
 23448 | Orc:2    | XOM: scenery: create altars
 23451 | Orc:2    | XOM: butterfly on damage
 23994 | Orc:2    | XOM: smoke on damage
 24044 | Orc:2    | XOM: 2-stop teleportation journey
 24098 | Orc:2    | Found a roughly hewn altar of Beogh.
 24142 | Orc:2    | Found a roughly hewn altar of Beogh.
 24146 | Orc:2    | Found Kyaffady's Armour Shoppe.
 24183 | Orc:2    | Found Xivuxym's Antique Armour Boutique.
 24219 | Orc:2    | Found a staircase to the Elven Halls.
 24742 | Orc:2    | Found a roughly hewn altar of Beogh.
 24762 | Orc:2    | Found Nuilloph's Weapon Boutique.
 25001 | Orc:2    | XOM: polymorph orc warrior -> crocodile
 25019 | Orc:2    | Noticed an orc warlord
 25069 | Orc:2    | XOM: summons 6 hostile demons
 25071 | Orc:2    | XOM: swap monsters
 25076 | Orc:2    | XOM: chaos cloud
 25081 | Orc:2    | XOM: harmless Pois miscast
 25292 | Orc:1    | XOM: mild Hex miscast
 25396 | Orc:2    | XOM: harmless Erth miscast
 25441 | Orc:2    | XOM: enchant monster (bad)
 25481 | Orc:2    | Killed an orc warlord
 25493 | Orc:2    | Found Ubol's Antique Armour Emporium.
 25497 | Orc:2    | Found Qyla Die's Antique Weapon Shoppe.
 25498 | Orc:2    | Found a roughly hewn altar of Beogh.
 25558 | Orc:2    | Found a roughly hewn altar of Beogh.
 25668 | D:11     | Reached skill level 10 in Evocations
 25742 | D:11     | XOM: 1-stop teleportation journey
 25752 | D:11     | XOM: give mutations
 25752 | D:11     | Lost mutation: Your flesh is heat resistant. (rF+) [Xom's mischief]
 25752 | D:11     | Lost mutation: Your muscles are very strong. (Str +4) [Xom's mischief]
 25755 | D:11     | XOM: butterfly on damage
 25956 | D:10     | XOM: harmless Hex miscast
 26282 | D:11     | XOM: chaos cloud
 26304 | D:11     | XOM: swap monsters
 26361 | D:11     | Found Dalyer's Quality Used Wands.
 26485 | D:12     | Got a brightly glowing lapis lazuli ring
 26487 | D:12     | Identified the ring of Osuejit {Ice Str+4} (You found it on level 12 of the Dungeon)
 26651 | D:12     | XOM: polymorph kobold demonologist -> eye of draining
 26667 | D:12     | XOM: harmless Chrm miscast
 26719 | D:12     | Reached XP level 14. HP: 45/60 MP: 10/28
 26817 | D:12     | XOM: harmless Pois miscast
 26838 | D:12     | XOM: summons 1 hostile shadow creature
 27051 | D:13     | Found a labyrinth entrance.
 27099 | Lab      | Entered a labyrinth
 27189 | Lab      | XOM: summons 5 hostile demons
 27519 | Lab      | XOM: 4-stop teleportation journey
 27608 | Lab      | XOM: 2-stop teleportation journey
 28026 | Lab      | XOM: medium Fire miscast
 28145 | Lab      | XOM: god gift: 33 gold pieces
 28239 | Lab      | XOM: god gift: fine ivory ring {god gift}
 28240 | Lab      | Got a fine ivory ring {god gift}
 28243 | Lab      | Identified the ring of Maashriz {rPois MR+ Dex+4} (Xom gifted it to you in a labyrinth)
 28263 | Lab      | XOM: harmless Erth miscast
 28489 | Lab      | Got a bound brass ring
 28489 | Lab      | Got a glittering platinum ring
 28489 | Lab      | Got a vibrating marble ring
 28497 | Lab      | Identified the ring "Haqisuf" {rElec rPois rN++ MP+9} (You found it in a labyrinth)
 28505 | D:13     | Identified the ring of Kiegosat {SInv Stlth+} (You found it in a labyrinth)
 28508 | D:13     | Identified the ring of Neefeusi {rCorr rElec rC+ MR+} (You found it in a labyrinth)
 28626 | D:13     | XOM: god gift: 26 stones
 28653 | D:13     | XOM: mild Tloc miscast
 28653 | D:13     | XOM: smoke on damage
 28663 | D:13     | XOM: noise
 28674 | D:13     | XOM: cast spell 'Summon Ice Beast'
 28953 | D:13     | XOM: give mutation
 28953 | D:13     | Lost mutation: Your muscles are strong. (Str +2) [Xom's mischief]
 29041 | D:14     | XOM: severe Necr miscast
 29473 | D:14     | XOM: confusion (+ monsters)
 29539 | D:14     | XOM: chaos upgrade
 29709 | D:14     | XOM: scenery: create altars
 29712 | D:14     | XOM: harmless Tmut miscast
 29807 | D:14     | XOM: medium Summ miscast
 29819 | D:14     | XOM: butterfly on damage
 29822 | D:14     | XOM: 1-stop teleportation journey
 29972 | D:14     | XOM: mild Tloc miscast
 30033 | D:14     | XOM: swap monsters
 30070 | D:14     | XOM: confuse monster(s)
 30141 | D:14     | Found a gate to the Vaults.
 30222 | D:14     | XOM: enchant monster (good)
 30230 | D:14     | XOM: scenery: create altars
 30232 | D:14     | XOM: fog
 30242 | D:14     | XOM: divine lightning
 30247 | D:14     | XOM: cleaving
 30254 | D:14     | XOM: fog
 30363 | D:14     | XOM: god gift: glowing chain mail {god gift}
 30429 | D:15     | Entered Level 15 of the Dungeon
 30610 | D:15     | XOM: divine lightning
 30620 | D:15     | Reached skill level 14 in Unarmed Combat
 30704 | D:15     | Found Risubbeo's Armour Shop.
 30773 | D:14     | Learned a level 4 spell: Ice Form
 30925 | D:15     | XOM: give mutation
 30925 | D:15     | Gained mutation: You are robust. (+10% HP) [Xom's grace]
 31015 | D:15     | Noticed a stone giant
 31022 | D:15     | Found an iron altar of Okawaru.
 31023 | D:15     | Found a hazy altar of Hepliaklqana.
 31025 | D:15     | Killed a stone giant
 31077 | D:15     | XOM: confuse monster(s)
 31134 | D:15     | Reached skill level 1 in Transmutations
 31134 | D:15     | Reached XP level 15. HP: 69/69 MP: 29/29
 31206 | D:15     | XOM: polymorph troll -> shapeshifter
 31244 | D:15     | XOM: summons 12 friendly demons
 31282 | D:15     | Found a staircase to the Depths.
 31359 | D:15     | Reached skill level 1 in Ice Magic
 31641 | D:15     | Learned a level 2 spell: Sticks to Snakes
 31773 | D:14     | XOM: scenery: create altars
 31901 | D:13     | XOM: god gift: scroll of enchant weapon
 31912 | D:13     | XOM: polymorph efreet -> apocalypse crab
 32011 | D:14     | XOM: scenery: 1 doors close
 32022 | D:14     | XOM: god gift: potion of haste
 32298 | Lair:1   | XOM: harmless Chrm miscast
 32343 | Lair:2   | XOM: harmless Erth miscast
 32353 | Spider:1 | Entered Level 1 of the Spider Nest
 32358 | Spider:1 | XOM: potion effect (might)
 32407 | Lair:2   | Reached skill level 5 in Transmutations
 32565 | Spider:1 | Noticed Louise
 32566 | Spider:1 | Killed Louise
 32643 | Spider:1 | XOM: summons friendly crimson imp
 32652 | Spider:1 | XOM: mild Fire miscast
 32774 | Lair:2   | Killed Gastronok
 32825 | Spider:1 | XOM is BORED!
 32825 | Spider:1 | XOM: noise
 32834 | Spider:1 | XOM: confuse monster(s)
 32941 | Spider:1 | Reached skill level 15 in Unarmed Combat
 32991 | Spider:1 | XOM: confuse monster(s)
 33064 | Spider:1 | XOM: confuse monster(s)
 33079 | Spider:1 | XOM: confuse monster(s)
 33219 | Spider:1 | XOM: cast spell 'Summon Ice Beast'
 33224 | Spider:1 | XOM: cast spell 'Summon Ice Beast'
 33335 | Spider:1 | XOM: divination: magic mapping
 33747 | Spider:1 | XOM: cleaving
 33825 | Spider:2 | XOM: summons friendly crimson imp
 33998 | Spider:2 | XOM: mild Summ miscast
 34023 | Spider:2 | XOM: scenery: create altars
 34050 | Spider:2 | XOM: scenery: create altars
 34067 | Spider:2 | XOM: mild Necr miscast
 34146 | Spider:2 | XOM: mild Pois miscast
 34241 | Spider:2 | XOM: swap monsters
 34293 | Spider:2 | XOM: god gift: 47 gold pieces
 34395 | Spider:2 | XOM: destruction
 34399 | Spider:2 | XOM: swap monsters
 34432 | Spider:2 | Reached XP level 16. HP: 56/74 MP: 26/30
 34581 | Spider:2 | XOM: confuse monster(s)
 34787 | Spider:2 | Noticed Agnes
 35019 | Spider:2 | XOM: harmless Ice miscast
 35455 | Spider:2 | XOM: silly message
 35482 | Spider:2 | XOM: divination: magic mapping
 35484 | Spider:2 | XOM: cast spell 'Alistair's Intoxication'
 35501 | Spider:2 | XOM: summons 2 friendly demons
 35529 | Spider:2 | Killed Agnes
 35874 | Spider:3 | XOM: polymorph redback -> glowing shapeshifter
 36075 | Spider:3 | XOM: divination: detect creatures
 36085 | Spider:3 | XOM: medium Fire miscast
 36128 | Spider:3 | XOM: harmless Hex miscast
 36380 | Spider:3 | XOM: cloud trail
 36570 | Spider:3 | XOM: give mutations
 36570 | Spider:3 | Lost mutation: You are somewhat resistant to further mutation. [Xom's mischief]
 36570 | Spider:3 | Lost mutation: You have an increased reservoir of magic. (+10% MP) [Xom's mischief]
 36570 | Spider:3 | Gained mutation: You are dopey. (Int -2) [Xom's mischief]
 36643 | Spider:4 | XOM: noise
 36643 | Spider:4 | Entered Level 4 of the Spider Nest
 36671 | Spider:4 | XOM: god gift: 41 gold pieces
 36723 | Spider:4 | XOM: divination: magic mapping
 36725 | Spider:4 | XOM: divination: magic mapping
 36885 | Spider:4 | XOM: polymorph jumping spider -> guardian serpent
 36906 | Spider:4 | XOM: enchant monster (good)
 36939 | Spider:4 | Learned a level 3 spell: Conjure Flame
 36951 | Spider:4 | XOM: confuse monster(s)
 37007 | Spider:4 | XOM: cleaving
 37010 | Spider:4 | XOM: enchant monster (bad)
 37111 | Spider:4 | XOM: summons 3 friendly demons
 37194 | Spider:4 | XOM: potion effect (heal wounds)
 37202 | Spider:4 | XOM: scenery: create altars
 37226 | Spider:3 | XOM: divine lightning
 37230 | Spider:3 | XOM: fog
 37231 | Spider:3 | XOM: destruction
 37370 | Spider:4 | XOM: enchant monster (good)
 37384 | Spider:4 | XOM: fog
 37392 | Spider:4 | XOM: give mutation
 37392 | Spider:4 | Lost mutation: Your spells are a little harder to cast, but a little more powerful. [Xom's mischief]
 37396 | Spider:4 | XOM: butterfly on damage
 37425 | Spider:4 | Reached skill level 5 in Ice Magic
 37425 | Spider:4 | XOM: medium Erth miscast
 37432 | Spider:4 | XOM: 3-stop teleportation journey
 37539 | Spider:4 | XOM: god gift: pair of runed boots {god gift}
 37629 | Spider:4 | XOM: scenery: create altars
 37714 | Spider:4 | XOM: scenery: create altars
 37827 | Spider:4 | XOM: cast spell 'Statue Form'
 37834 | Spider:4 | XOM: cleaving
 37840 | Spider:4 | XOM: scenery: create altars
 37858 | Spider:4 | XOM: harmless Chrm miscast
 37881 | Spider:4 | XOM: harmless Erth miscast
 37934 | Spider:4 | Got a gossamer rune of Zot
 38033 | Spider:4 | XOM: cloud trail
 38486 | D:12     | You fall through a shaft!
 38631 | Lair:3   | Reached XP level 17. HP: 82/82 MP: 30/30
 38640 | Lair:3   | Learned a level 6 spell: Bolt of Cold
 38703 | Shoals:1 | Entered Level 1 of the Shoals
 38774 | Shoals:1 | Found a frozen archway.
 38781 | IceCv    | Entered an ice cave
 39056 | IceCv    | XOM: cast spell 'Cause Fear'
 39129 | IceCv    | Slain by a golden dragon simulacrum
 39130 | IceCv    | Reached XP level 16. HP: -4/79 MP: 25/29
 39366 | IceCv    | XOM: summons 5 hostile demons
 39413 | IceCv    | XOM: cleaving
 39422 | IceCv    | XOM: potion effect (haste)
 39684 | IceCv    | XOM: confusion (+ monsters)
 39720 | IceCv    | XOM: enchant monster (good)
 39802 | IceCv    | Identified the Handbook of the Frostbite and Evil Secrets
 40013 | Shoals:1 | XOM: blink monster(s)
 40022 | Shoals:1 | XOM: harmless Air miscast
 40048 | Shoals:1 | You fall through a shaft!
 40155 | Shoals:2 | XOM: confusion (+ monsters)
 40157 | Shoals:2 | XOM: mild Hex miscast
 40222 | Shoals:2 | XOM: enchant monster (bad)
 40252 | Shoals:2 | XOM: harmless Tloc miscast
 40353 | Shoals:1 | XOM: butterfly on damage
 40478 | Shoals:1 | XOM: harmless Erth miscast
 40479 | Shoals:1 | XOM: divination: detect items
 40499 | Shoals:1 | XOM: severe Ice miscast
 40577 | Shoals:1 | XOM: summons 3 friendly demons
 40598 | Shoals:1 | XOM: summons friendly iron imp
 40789 | Shoals:2 | Reached skill level 10 in Spellcasting
 40796 | Shoals:2 | Learned a level 3 spell: Ozocubu's Armour
 40889 | Shoals:2 | XOM: enchant monster (good)
 40914 | Shoals:2 | XOM: butterfly on damage
 40929 | Shoals:2 | XOM: god gift: scroll of recharging
 41145 | Shoals:2 | XOM: 5-stop teleportation journey
 41248 | Shoals:2 | Got a scintillating steel ring
 41250 | Shoals:2 | Identified the ring "Owunt" {+Fly rC++ Str+4 Int-5} (You found it on level 2 of the Shoals)
 41548 | Shoals:3 | XOM: smoke on damage
 41559 | Shoals:3 | XOM: divination: detect creatures
 41561 | Shoals:3 | XOM: smoke on damage
 41929 | Shoals:3 | Killed from afar by a wind drake
 41930 | Shoals:3 | Reached XP level 15. HP: -11/73 MP: 30/30
 42055 | Shoals:3 | XOM: enchant monster (bad)
 42068 | Shoals:3 | Reached skill level 10 in Ice Magic
 42096 | Shoals:3 | XOM: cloud trail
 42196 | Shoals:4 | Entered Level 4 of the Shoals
 42386 | Shoals:3 | XOM: divination: detect creatures
 42640 | Vaults:1 | Entered Level 1 of the Vaults
 42668 | Vaults:1 | Noticed a vault warden
 42684 | Vaults:1 | Noticed a vault warden
 42684 | Vaults:1 | XOM: swap monsters
 42687 | Vaults:1 | XOM: butterfly on damage
 42690 | Vaults:1 | Killed a vault warden
 42705 | Vaults:1 | Killed a vault warden
 42782 | Vaults:1 | Found Weamonis's Distillery.
 42796 | Vaults:1 | Bought a potion of curing for 54 gold pieces
 42796 | Vaults:1 | Bought a potion of curing for 54 gold pieces
 42796 | Vaults:1 | Bought a potion of cancellation for 144 gold pieces
 42796 | Vaults:1 | Bought a potion of agility for 72 gold pieces
 42796 | Vaults:1 | Bought 2 potions of agility for 144 gold pieces
 42796 | Vaults:1 | Bought a potion of haste for 180 gold pieces
 42988 | Vaults:1 | XOM: 2-stop teleportation journey
 43159 | Vaults:1 | XOM: smoke on damage
 43255 | Vaults:1 | Reached XP level 16. HP: 79/79 MP: 28/31
 43421 | Vaults:1 | XOM: god gift: scroll labeled ZANORCH AFOOCIO {god gift}
 43538 | Vaults:1 | XOM: potion effect (magic)
 43578 | Vaults:1 | XOM: butterfly on damage
 43587 | Vaults:1 | XOM: enchant monster (bad)
 43590 | Vaults:1 | XOM: divination: detect items
 43597 | Vaults:1 | XOM: confuse monster(s)
 43612 | Vaults:1 | XOM: divination: magic mapping
 43614 | Vaults:1 | XOM: summons friendly ufetubus
 43615 | Vaults:1 | XOM: god gift: 38 gold pieces
 43651 | Vaults:1 | XOM: scenery: create altars
 43671 | Vaults:1 | XOM: summons friendly ufetubus
 43780 | Vaults:1 | XOM: cast spell 'Alistair's Intoxication'
 43781 | Vaults:1 | XOM: cleaving
 43799 | Vaults:1 | XOM: confuse monster(s)
 43874 | Vaults:1 | XOM: 4-stop teleportation journey
 43882 | Vaults:1 | XOM: give mutations
 43882 | Vaults:1 | Gained mutation: Your spells are a little harder to cast, but a little more powerful. [Xom's mischief]
 43882 | Vaults:1 | Lost mutation: Your spells are a little harder to cast, but a little more powerful. [Xom's mischief]
 43882 | Vaults:1 | Gained mutation: Your magical capacity is low. (-10% MP) [Xom's mischief]
 44077 | Vaults:1 | XOM: summons 5 friendly demons
 44491 | D:5      | XOM: give mutation
 44491 | D:5      | Gained mutation: You are very dopey. (Int -4) [Xom's mischief]
 44712 | D:5      | XOM: medium Erth miscast
 44727 | D:5      | XOM: harmless Tmut miscast
 44894 | Elf:1    | Entered Level 1 of the Elven Halls
 44894 | Elf:1    | Noticed Azrael
 44896 | Orc:2    | XOM: god gift: 20 gold pieces
 45017 | D:14     | XOM: god gift: potion of flight
 45235 | Vaults:1 | XOM: destruction
 45350 | Vaults:2 | XOM is BORED!
 45350 | Vaults:2 | XOM: 3-stop teleportation journey
 45468 | Vaults:2 | XOM: cleaving
 45478 | Vaults:2 | XOM: confuse monster(s)
 45481 | Vaults:2 | XOM: summons friendly iron imp
 45534 | Vaults:2 | XOM: divine lightning
 45541 | Vaults:2 | Noticed a sphinx
 45550 | Vaults:2 | Killed a sphinx
 45559 | Vaults:2 | XOM: summons friendly crimson imp
 45564 | Vaults:2 | XOM: divination: detect creatures
 45571 | Vaults:2 | XOM: enchant monster (bad)
 45600 | Vaults:2 | XOM: 8-stop teleportation journey
 45809 | Vaults:2 | Found a portal to a secret trove of treasure.
 45811 | Vaults:2 | XOM: mild Ice miscast
 45823 | Vaults:2 | XOM: confuse monster(s)
 45871 | Vaults:2 | XOM: harmless Erth miscast
 46089 | Vaults:2 | Paralysed by a floating eye for 4 turns
 46180 | Vaults:1 | XOM: god gift: metal-bound book {god gift}
 46275 | Vaults:2 | XOM: enchant monster (bad)
 46570 | Vaults:2 | Noticed a Hell Sentinel
 46575 | Vaults:2 | XOM: divination: magic mapping
 46586 | Vaults:2 | XOM: potion effect (berserk rage)
 46604 | Vaults:2 | XOM: divination: magic mapping
 46628 | Vaults:1 | XOM: butterfly on damage
 46837 | Vaults:2 | XOM: harmless Necr miscast
 46905 | Vaults:2 | Noticed a Brimstone Fiend
 46905 | Vaults:2 | Noticed a Hell Sentinel
 46912 | Vaults:2 | XOM: cleaving
 47089 | Vaults:2 | XOM: noise
 47208 | Vaults:2 | Reached XP level 17. HP: 82/82 MP: 5/28
 47287 | Vaults:2 | XOM: divination: detect creatures
 47329 | Vaults:2 | XOM: mild Erth miscast
 47435 | Vaults:2 | XOM: summons 8 hostile demons
 47537 | Vaults:2 | XOM: enchant monster (bad)
 47558 | Vaults:3 | Found Luemn's Antique Weapon Shoppe.
 47703 | Vaults:3 | Noticed a tentacled monstrosity
 47725 | Vaults:3 | Noticed a hellephant
 47725 | Vaults:3 | a tentacled monstrosity changed into a hellephant
 47725 | Vaults:3 | XOM: polymorph tentacled monstrosity -> hellephant
 47759 | Vaults:2 | XOM: mild Necr miscast
 47760 | Vaults:2 | XOM: god gift: 42 gold pieces
 47780 | Vaults:2 | XOM: scenery: 3 doors close
 47888 | Vaults:3 | XOM: mild Ice miscast
 47894 | Vaults:3 | XOM: divination: detect items
 47994 | Vaults:3 | XOM: noise
 47995 | Vaults:3 | XOM: blink monster(s)
 48019 | Vaults:3 | XOM: enchant monster (bad)
 48133 | Depths:1 | Entered Level 1 of the Depths
 48144 | Depths:1 | Noticed Jorgrun
 48155 | Depths:1 | XOM: harmless Erth miscast
 48157 | Depths:1 | XOM: repel stairs
 48160 | Depths:1 | Killed Jorgrun
 48168 | Depths:1 | XOM: noise
 48186 | Depths:1 | XOM: confuse monster(s)
 48259 | Depths:1 | XOM: fog
 48293 | Depths:1 | XOM: fog
 48407 | Depths:1 | XOM: enchant monster (good)
 48556 | Depths:1 | XOM: summons 2 friendly demons
 48558 | Depths:1 | XOM: scenery: create altars
 48568 | Depths:1 | XOM: cast spell 'Ring of Flames'
 48574 | Depths:1 | XOM: smoke on damage
 48579 | Depths:1 | XOM: cleaving
 48579 | Depths:1 | XOM: smoke on damage
 48586 | Depths:1 | XOM: fake destruction
 48589 | Depths:1 | XOM: confuse monster(s)
 48601 | Depths:1 | XOM: cleaving
 48751 | Depths:1 | Found a gateway to Hell.
 48786 | Depths:1 | XOM: smoke on damage
 48788 | Depths:1 | Reached skill level 1 in Charms
 48803 | Depths:1 | XOM: enchant monster (good)
 48853 | Depths:1 | XOM: polymorph ice dragon -> great orb of eyes
 48873 | Depths:1 | XOM: give mutations
 48873 | Depths:1 | Gained mutation: You are somewhat resistant to further mutation. [Xom's grace]
 48873 | Depths:1 | Gained mutation: You are mostly covered in large bone plates. (SH +6) [Xom's grace]
 48873 | Depths:1 | Gained mutation: Your flesh is cold resistant. (rC+) [Xom's grace]
 48993 | Depths:1 | XOM: scenery: 1 doors close
 49001 | Depths:1 | XOM: cast spell 'Shadow Creatures'
 49190 | Depths:1 | Reached skill level 10 in Conjurations
 49299 | Depths:1 | XOM: fog
 49303 | Depths:1 | XOM: scenery: create altars
 49528 | Depths:1 | XOM: summons friendly soul eater
 49729 | Depths:1 | XOM: summons 2 hostile demons
 49743 | Depths:1 | XOM: harmless Erth miscast
 49769 | Depths:1 | XOM: fog
 49774 | Depths:1 | XOM: summons 6 friendly demons
 49848 | Depths:1 | XOM: enchant monster (good)
 49861 | Depths:1 | XOM: summons 2 friendly demons
 50070 | Depths:1 | Found a one-way gate leading to the halls of Pandemonium.
 50177 | Depths:2 | XOM: 2-stop teleportation journey
 50239 | Depths:2 | XOM: god gift: potion of brilliance
 50432 | Depths:2 | XOM: chaos upgrade
 50441 | Depths:2 | Reached XP level 18. HP: 85/85 MP: 2/31
 50473 | Depths:2 | Learned a level 6 spell: Freezing Cloud
 50480 | Depths:2 | XOM: harmless Necr miscast
 50721 | Depths:2 | XOM: silly message
 50983 | Depths:2 | Killed from afar by a necromancer
 50984 | Depths:2 | Reached XP level 17. HP: -3/97 MP: 15/30
 51000 | Depths:2 | XOM: draining
 51136 | Depths:2 | XOM: cast spell 'Monstrous Menagerie'
 51335 | Depths:2 | XOM: enchant monster (bad)
 51445 | Depths:2 | Got a translucent marble ring
 51446 | Depths:2 | Identified the ring "Tygrig" {Dex+2 Slay+3 Stlth-} (You found it on level 2 of the Depths)
 51641 | D:15     | Learned a level 3 spell: Regeneration
 51663 | Depths:1 | XOM: medium Summ miscast
 51672 | Depths:1 | XOM: summons 4 friendly demons
 51750 | Depths:2 | XOM: give mutations
 51750 | Depths:2 | Lost mutation: You are robust. (+10% HP) [Xom's mischief]
 51750 | Depths:2 | Lost mutation: You are partially covered in icy blue scales. (AC +2) [Xom's mischief]
 51750 | Depths:2 | Lost mutation: Your flesh is cold resistant. (rC+) [Xom's mischief]
 51756 | Depths:2 | XOM: medium Necr miscast
 51776 | Depths:2 | Found Etwa's Gadget Shop.
 51777 | Depths:2 | Found Coffez's Jewellery Shoppe.
 51778 | Depths:2 | Found Nacexip's Gadget Shop.
 51786 | Depths:2 | Bought a lightning rod (4/4) for 640 gold pieces
 51796 | Depths:2 | Bought a wand of scattershot (4/9) for 384 gold pieces
 51839 | Depths:2 | XOM: mild Fire miscast
 51890 | Depths:2 | XOM: confuse monster(s)
 52109 | Depths:2 | XOM: potion effect (heal wounds)
 52122 | Depths:2 | XOM: butterfly on damage
 52165 | Depths:2 | XOM: harmless Conj miscast
 52313 | Depths:2 | XOM: mild Ice miscast
 52327 | Depths:2 | XOM: cast spell 'Leda's Liquefaction'
 52408 | Depths:2 | XOM: noise
 52463 | Depths:2 | XOM: harmless Conj miscast
 52489 | Depths:2 | Noticed a lich
 52735 | Depths:3 | Reached skill level 16 in Unarmed Combat
 52741 | Depths:3 | XOM: harmless Hex miscast
 52759 | Depths:3 | XOM: enchant monster (bad)
 52760 | Depths:3 | XOM: fake destruction
 52763 | Depths:3 | XOM: 1-stop teleportation journey
 52835 | Depths:3 | XOM: god gift: ring mail {god gift}
 53142 | Depths:3 | Found a one-way gate to the infinite horrors of the Abyss.
 53404 | Depths:3 | XOM: divination: magic mapping
 53411 | Depths:3 | XOM: 2-stop teleportation journey
 53419 | Depths:3 | Noticed a lich
 53499 | Depths:3 | XOM: harmless Pois miscast
 53630 | Depths:3 | XOM: butterfly on damage
 53631 | Depths:3 | XOM: medium Necr miscast
 53631 | Depths:3 | XOM: smoke on damage
 53635 | Depths:3 | XOM: mild Hex miscast
 53775 | Depths:3 | Noticed a lich
 53776 | Depths:3 | XOM: scenery: create altars
 53817 | Depths:3 | XOM: harmless Tloc miscast
 53846 | Depths:3 | XOM: blink monster(s)
 53848 | Depths:3 | XOM: swap monsters
 53883 | Depths:3 | XOM: give mutation
 53883 | Depths:3 | Gained mutation: You are clumsy. (Dex -2) [Xom's mischief]
 54049 | Depths:3 | XOM: summons 2 friendly demons
 54056 | Depths:3 | Reached XP level 18. HP: 71/79 MP: 10/31
 54110 | D:15     | Learned a level 2 spell: Passwall
 54279 | Elf:1    | XOM: confusion (+ monsters)
 54282 | Elf:1    | XOM: 2-stop teleportation journey
 54330 | Elf:1    | Reached skill level 17 in Unarmed Combat
 54441 | Elf:1    | XOM: stat loss: -1 Dex (18/19)
 54442 | Elf:1    | XOM: 1-stop teleportation journey
 54451 | Elf:1    | HP: 2/79 [deep elf archer/arrow (19)]
 54451 | Elf:1    | XOM: butterfly on damage
 54552 | Elf:1    | Killed Azrael
 54825 | Elf:1    | XOM: confuse monster(s)
 54827 | Elf:1    | XOM: chaos upgrade
 54833 | Elf:1    | Found Qeekk's Armour Boutique.
 54889 | Elf:1    | XOM: enchant monster (bad)
 55055 | Elf:1    | Identified Qines's Catalogue of Combat Magic and the Escort
 55081 | Elf:1    | XOM: mild Hex miscast
 55233 | Elf:1    | XOM: give mutations
 55233 | Elf:1    | Lost mutation: You are very dopey. (Int -4) [Xom's grace]
 55233 | Elf:1    | Gained mutation: You have a pair of horns on your head. [Xom's grace]
 55304 | Elf:1    | Got a steaming bronze ring
 55306 | Elf:1    | Identified the ring "Xunamn" {+Inv rF++ rN+ SInv Stlth+} (You took it off a deep elf mage on level 1 of the Elven Halls)
 55620 | Elf:2    | XOM: divination: magic mapping
 55703 | Elf:2    | Found Fymaud's General Store.
 55952 | Elf:2    | Reached skill level 18 in Unarmed Combat
 56044 | Elf:2    | XOM: 7-stop teleportation journey
 56064 | Elf:2    | Found a huge runed gate.
 56064 | Elf:2    | Found a huge runed gate.
 56064 | Elf:2    | Found a huge runed gate.
 56065 | Elf:2    | Found a huge runed gate.
 56065 | Elf:2    | Found a huge runed gate.
 56345 | D:14     | XOM: god gift: twisted diamond ring {god gift}
 56365 | D:14     | XOM: harmless Air miscast
 56420 | Vaults:2 | XOM: harmless Conj miscast
 56435 | Vaults:2 | XOM: give mutations
 56435 | Vaults:2 | Lost mutation: You are dopey. (Int -2) [Xom's grace]
 56435 | Vaults:2 | Gained mutation: You are partially covered in slimy green scales. (AC +2) [Xom's grace]
 56435 | Vaults:2 | Gained mutation: You have a pair of large horns on your head. [Xom's grace]
 56435 | Vaults:2 | Gained mutation: Your flesh is heat resistant. (rF+) [Xom's grace]
 56438 | Vaults:2 | XOM: cloud trail
 56476 | Vaults:3 | XOM: scenery: 4 doors close
 56479 | Vaults:3 | XOM: confuse monster(s)
 56658 | Vaults:3 | XOM: cleaving
 56724 | Vaults:3 | Killed a hellephant
 56732 | Vaults:3 | XOM: butterfly on damage
 56881 | Vaults:3 | XOM: butterfly on damage
 56898 | Vaults:3 | XOM: butterfly on damage
 56992 | Vaults:3 | XOM: enchant monster (good)
 57226 | Vaults:3 | Reached skill level 15 in Dodging
 57239 | Vaults:3 | XOM: 3-stop teleportation journey
 57277 | Vaults:3 | XOM: cast spell 'Necromutation'
 57327 | Vaults:3 | XOM: polymorph vault sentinel -> eye of draining
 57452 | Vaults:3 | XOM: enchant monster (bad)
 57465 | Vaults:2 | XOM: fake destruction
 57611 | Vaults:3 | Found a staircase to the Crypt.
 57690 | Vaults:3 | XOM: summons 7 friendly demons
 57782 | Vaults:3 | XOM: potion effect (invisibility)
 57805 | Vaults:3 | XOM: enchant monster (good)
 58058 | Vaults:3 | XOM: enchant monster (good)
 58188 | Vaults:3 | XOM: fake destruction
 58190 | Vaults:3 | XOM: scenery: 2 doors close
 58192 | Vaults:3 | XOM: divination: detect creatures
 58346 | Vaults:3 | XOM: confuse monster(s)
 58415 | Vaults:3 | XOM: harmless Chrm miscast
 58469 | Vaults:3 | XOM: divination: detect items
 58478 | Vaults:3 | XOM: potion effect (might)
 58481 | Vaults:3 | Reached XP level 19. HP: 59/82 MP: 32/32
 58488 | Vaults:3 | XOM: silly message
 58706 | Vaults:4 | XOM: potion effect (haste)
 58751 | Vaults:4 | Noticed Sojobo
 59081 | Shoals:3 | XOM: divination: magic mapping
 59105 | Shoals:3 | XOM: harmless Hex miscast
 59202 | Shoals:4 | Reached skill level 19 in Unarmed Combat
 59227 | Shoals:4 | XOM: potion effect (agility)
 59339 | Shoals:4 | Killed from afar by a water nymph
 59340 | Shoals:4 | Reached XP level 18. HP: -12/79 MP: 31/31
 59360 | Shoals:4 | XOM: smoke on damage
 59443 | Shoals:4 | XOM: potion effect (magic)
 59549 | Shoals:4 | XOM: potion effect (haste)
 59578 | Shoals:4 | Noticed Ilsuiw
 59647 | Shoals:4 | XOM: potion effect (agility)
 59649 | Shoals:4 | XOM: potion effect (brilliance)
 59825 | Shoals:4 | XOM: silly message
 59961 | Shoals:4 | XOM: 2-stop teleportation journey
 59964 | Shoals:4 | HP: 2/79 [harpy (9)]
 59978 | Shoals:4 | XOM: enchant monster (bad)
 59987 | Shoals:4 | XOM: mild Air miscast
 60185 | Slime:1  | Entered Level 1 of the Pits of Slime
 60218 | Slime:1  | XOM: harmless Ice miscast
 60237 | Slime:1  | XOM: 1-stop teleportation journey
 60242 | Slime:1  | XOM: divination: magic mapping
 60274 | Slime:1  | XOM: give mutations
 60274 | Slime:1  | Gained mutation: Your spells are a little harder to cast, but a little more powerful. [Xom's grace]
 60274 | Slime:1  | Gained mutation: You are resistant to electric shocks. (rElec) [Xom's grace]
 60418 | Slime:1  | XOM: god gift: ring of strength {god gift}
 60421 | Slime:1  | XOM: destruction
 60623 | Slime:2  | XOM: summons 4 friendly demons
 60776 | Slime:2  | XOM: summons friendly quasit
 60786 | Slime:2  | Reached skill level 20 in Unarmed Combat
 61200 | Slime:1  | XOM: harmless Erth miscast
 61210 | Slime:1  | XOM: divination: magic mapping
 61244 | Slime:1  | XOM: confuse monster(s)
 61306 | Slime:1  | XOM: enchant monster (good)
 61644 | Slime:1  | Gained mutation: Your body sometimes deteriorates upon taking damage. [mutagenic glow]
 61734 | Slime:2  | XOM: summons friendly ufetubus
 61767 | Slime:1  | XOM: polymorph large slime creature -> glowing orange brain
 62136 | Crypt:1  | Entered Level 1 of the Crypt
 62153 | Crypt:1  | XOM: harmless Chrm miscast
 62228 | Crypt:1  | XOM: potion effect (invisibility)
 62229 | Crypt:1  | XOM: 8-stop teleportation journey
 62283 | Crypt:1  | XOM: potion effect (invisibility)
 62294 | Crypt:1  | XOM: fake destruction
 62307 | Crypt:1  | XOM: divination: detect creatures
 62308 | Crypt:1  | XOM: divination: detect creatures
 62319 | Crypt:1  | Reached XP level 19. HP: 27/82 MP: 32/32
 62639 | Crypt:1  | XOM: divine lightning
 62698 | Crypt:1  | XOM: fake destruction
 62761 | Crypt:1  | XOM: smoke on damage
 62945 | Crypt:1  | XOM: cloud trail
 63077 | Crypt:1  | XOM: give mutations
 63077 | Crypt:1  | Gained mutation: You are resistant to hostile enchantments. (MR+) [Xom's grace]
 63077 | Crypt:1  | Gained mutation: You possess an exceptional clarity of mind. [Xom's grace]
 63077 | Crypt:1  | Gained mutation: Your muscles are strong. (Str +2) [Xom's grace]
 63077 | Crypt:1  | Lost mutation: You are somewhat resistant to further mutation. [Xom's grace]
 63077 | Crypt:1  | Gained mutation: You evolve. [Xom's grace]
 63401 | Crypt:2  | Noticed Khufu
 63401 | Crypt:2  | Noticed a greater mummy
 63401 | Crypt:2  | Noticed a greater mummy
 63459 | Crypt:2  | XOM: scenery: 6 doors open, 3 doors close
 63472 | Crypt:2  | XOM: butterfly on damage
 63599 | Crypt:2  | Reached skill level 15 in Evocations
 63903 | Crypt:2  | Found an ancient bone altar of Kikubaaqudgha.
 64229 | Crypt:2  | XOM: cleaving
 64386 | Crypt:3  | Entered Level 3 of the Crypt
 64456 | Crypt:2  | XOM: polymorph mature weirdox beast -> catoblepas
 64656 | Depths:2 | XOM: harmless Chrm miscast
 64665 | Depths:2 | Bought a box of beasts for 320 gold pieces
 64665 | Depths:2 | Bought a box of beasts for 320 gold pieces
 64665 | Depths:2 | Bought a box of beasts for 320 gold pieces
 64731 | Depths:3 | XOM: harmless Fire miscast
 64783 | Depths:3 | Hit by a silver javelin thrown by a merfolk javelineer

Skill      XL: |  1  2  3  4  5  6  7  8  9 10 11 12 13 14 15 16 17 18 19 |
---------------+----------------------------------------------------------+-----
Stealth        | 2 4 5 6 7 8 10 11 12 13 14 | 14.0
Unarmed Combat | 4 5 6 8 9 10 13 12 14 15 16 20 19 | 20.1
Dodging        | 5 9 10 12 13 16 | 16.3
Conjurations   | 2 4 5 7 9 12 | 12.0
Air Magic      | 2 4 6 7 |  7.3
Evocations     | 3 4 9 10 13 15 | 15.0
Spellcasting   | 2 3 4 5 7 10 12 | 12.0
Hexes          | 6 12 13 | 13.0
Fighting       | 4 5 6 7 9 |  9.0
Summonings     | 1 2 |  2.7
Transmutations | 1 7 |  7.4
Ice Magic      | 10 13 14 | 14.0
Charms         | 4 |  4.0

Action                   |  1- 3 |  4- 6 |  7- 9 | 10-12 | 13-15 | 16-18 | 19-21 || total
-------------------------+-------+-------+-------+-------+-------+-------+-------++-------
Melee: Unarmed           |   112 |   144 |   315 |   813 |  1399 |  2495 |   396 ||  5674
       Bite              |     6 |    10 |    21 |    80 |   165 |   294 |    55 ||   631
       Punch             |       |       |     7 |    26 |    94 |   217 |    35 ||   379
       Headbutt          |       |       |    21 |   137 |   274 |   519 |    86 ||  1037
 Cast: Shock             |       |       |   167 |   221 |   404 |   347 |    21 ||  1160
       Swiftness         |       |       |     1 |       |       |       |       ||     1
       Airstrike         |       |       |     6 |    17 |    32 |       |       ||    55
       Confusing Touch   |       |       |       |    76 |   100 |   140 |    20 ||   336
       Magic Dart        |       |       |       |    19 |       |       |       ||    19
       Apportation       |       |       |       |    34 |    21 |    72 |    12 ||   139
       Invisibility      |       |       |       |    15 |    41 |    54 |     4 ||   114
       Animate Skeleton  |       |       |       |    23 |    44 |    88 |     1 ||   156
       Summon Mana Viper |       |       |       |     2 |     5 |     2 |       ||     9
       Conjure Flame     |       |       |       |       |     2 |    70 |    27 ||    99
       Ozocubu's Armour  |       |       |       |       |     2 |    51 |    14 ||    67
       Sticks to Snakes  |       |       |       |       |     1 |    51 |       ||    52
       Ice Form          |       |       |       |       |     1 |    10 |     2 ||    13
       Bolt of Cold      |       |       |       |       |       |   148 |    19 ||   167
       Freezing Cloud    |       |       |       |       |       |    47 |     1 ||    48
       Regeneration      |       |       |       |       |       |    71 |    24 ||    95
 Abil: Evoke Flight      |       |       |       |       |     6 |    37 |     1 ||    44
       Stop Flying       |       |       |       |       |     1 |     1 |       ||     2
       End Transformatio |       |       |       |       |       |     5 |     1 ||     6
Evoke: Wand              |       |       |     5 |    60 |   112 |   194 |    10 ||   381
       Lamp of fire      |       |       |       |       |     3 |     6 |     1 ||    10
       Fan of gales      |       |       |       |       |     1 |     4 |       ||     5
       Phial of floods   |       |       |       |       |       |     4 |       ||     4
       Lightning rod     |       |       |       |       |       |    12 |     8 ||    20
       Box of beasts     |       |       |       |       |       |     3 |     1 ||     4
  Use: Scroll            |     1 |     3 |     5 |     9 |    25 |    28 |     3 ||    74
       Potion            |       |     1 |     5 |     7 |    14 |    28 |     3 ||    58
 Stab: Sleeping          |     5 |    13 |    11 |    37 |   112 |   129 |    33 ||   340
       Petrified         |       |       |     2 |       |       |     2 |       ||     4
       Distracted        |       |       |     1 |     2 |     8 |     5 |     1 ||    17
       Confused          |       |       |       |    57 |    89 |   150 |    21 ||   317
       Invisible         |       |       |       |    49 |   128 |   158 |     9 ||   344
       Paralysed         |       |       |       |       |     2 |     6 |       ||     8
  Eat: Chunk             |     8 |     2 |    11 |    50 |    52 |   136 |     3 ||   262
       Royal jelly       |       |       |     2 |     2 |     5 |     2 |       ||    11
       Meat ration       |       |       |       |       |       |     2 |     2 ||     4
Armor: Skin              |     9 |     2 |    15 |    46 |    48 |   115 |     9 ||   244
Dodge: Dodged            |    79 |    92 |   211 |   461 |  1060 |  2036 |   188 ||  4127
Block: Other             |       |       |    21 |    80 |   143 |   397 |    94 ||   735
       Reflection        |       |       |       |       |       |    11 |     4 ||    15
